APL (24 & UNDER)
KENOSHA KINGFISH @ PENSACOLA PILOTS
09/02/2030
 
TOP OF THE 1ST
Kenosha Kingfish batting - Pitching for Pensacola Pilots : LHP Paul Mallette
Pitching: LHP Paul Mallette
Batting: RHB Armando Arellano 0-0: Ball
1-0: Ball
2-0: Called Strike
2-1: Ground out 6-3 (Groundball, 6)
Batting: RHB Juan Escalante 0-0: SINGLE (Flyball, 6MD)
Batting: RHB Mike Martínez 0-0: Ball
1-0: Foul Ball, location: 2F
1-1: Foul Ball, location: 2F
1-2: Strikes out looking
Batting: RHB Millard Ferguson 0-0: Foul Ball, location: 2F
0-1: Ball
1-1: Ball
2-1: Swinging Strike
2-2: Strikes out swinging
Top of the 1st over - 0 runs, 1 hit, 0 errors, 1 left on base; Kenosha 0 - Pensacola 0
BOTTOM OF THE 1ST
Pensacola Pilots batting - Pitching for Kenosha Kingfish : RHP Raúl Cruz
Pitching: RHP Raúl Cruz
Batting: SHB Jack Hendrix 0-0: Called Strike
0-1: Ball
1-1: Foul Ball, location: 2F
1-2: Foul Ball, location: 2F
1-2: Ball
2-2: Foul Ball, location: 2F
2-2: Ball
3-2: Foul Ball, location: 2F
3-2: SINGLE (Line Drive, 8RS)
Batting: SHB Carlos González 0-0: Called Strike
0-1: SINGLE (Groundball, 34S) (infield hit)
Jack Hendrix to second
Batting: LHB Preston Hamilton 0-0: Called Strike
0-1: Ball
1-1: Called Strike
1-2: Fly out, F9 (Flyball, 89M)
Batting: RHB Timothy Foster 0-0: Ball
1-0: Foul Ball, location: 2F
1-1: Ball
2-1: Called Strike
2-2: Fly out, F8 (Flyball, 8RD)
Batting: LHB Carlos Músquez 0-0: Swinging Strike
0-1: SINGLE (Groundball, 4D)
Jack Hendrix to third
Carlos González to second
Runner from 3rd tries for Home, throw and OUT!
Bottom of the 1st over - 0 runs, 3 hits, 0 errors, 2 left on base; Kenosha 0 - Pensacola 0
TOP OF THE 2ND
Kenosha Kingfish batting - Pitching for Pensacola Pilots : LHP Paul Mallette
Batting: LHB Matt McCormick 0-0: Called Strike
0-1: Ground out 4-3 (Groundball, 4)
Batting: RHB Vicente Rosales 0-0: Ball
1-0: Ball
2-0: Ground out 3-1 (Groundball, 34)
Batting: LHB Jerry Benjamin 0-0: Ball
1-0: Ball
2-0: Ground out 5-3 (Groundball, 56)
Top of the 2nd over - 0 runs, 0 hits, 0 errors, 0 left on base; Kenosha 0 - Pensacola 0
BOTTOM OF THE 2ND
Pensacola Pilots batting - Pitching for Kenosha Kingfish : RHP Raúl Cruz
Batting: RHB José Ramos 0-0: Called Strike
0-1: Ball
1-1: Foul Ball, location: 2F
1-2: Ball
2-2: Ball
3-2: Base on Balls
Batting: RHB John Hall 0-0: Called Strike
0-1: Ball
1-1: Swinging Strike
1-2: Foul Ball, location: 2F
1-2: Strikes out looking
Batting: RHB Felipe Hernández 0-0: DOUBLE (Line Drive, 8LD)
José Ramos to third
Runner from 3rd tries for Home, SAFE, no throw
Batting: RHB George Martin 0-0: Ball
Throwing error on steal attempt, E2
Felipe Hernández scores
1-0: Swinging Strike
1-1: Fly out, F5 (Popup, 5SF)
Batting: SHB Jack Hendrix 0-0: Ball
1-0: Ball
2-0: Called Strike
2-1: Ball
3-1: Fly out, F8 (Line Drive, 78M)
Bottom of the 2nd over - 2 runs, 1 hit, 1 error, 0 left on base; Kenosha 0 - Pensacola 2
TOP OF THE 3RD
Kenosha Kingfish batting - Pitching for Pensacola Pilots : LHP Paul Mallette
Batting: RHB Fernando Martínez 0-0: Swinging Strike
0-1: Called Strike
0-2: Strikes out looking
Batting: RHB Charlie Guzmén 0-0: Called Strike
0-1: Ball
1-1: Ball
2-1: Ball
3-1: Ground out 6-3 (Groundball, 6)
Batting: RHB Armando Arellano 0-0: Ball
1-0: Foul Ball, location: 2F
1-1: Swinging Strike
1-2: Ground out 1-3 (Groundball, 15S)
Top of the 3rd over - 0 runs, 0 hits, 0 errors, 0 left on base; Kenosha 0 - Pensacola 2
BOTTOM OF THE 3RD
Pensacola Pilots batting - Pitching for Kenosha Kingfish : RHP Raúl Cruz
Batting: SHB Carlos González 0-0: Ball
1-0: Ball
2-0: Called Strike
2-1: Reached on error, E4 (Groundball, 4M)
Batting: LHB Preston Hamilton 0-0: Called Strike
Carlos González steals 2nd base
0-1: Foul Ball, location: 2F
0-2: Foul Ball, location: 2F
0-2: Ball
1-2: Ball
2-2: Ground out 4-3 (Groundball, 4S)
Carlos González to third
Batting: RHB Timothy Foster 0-0: Foul Ball, location: 2F
0-1: Foul Ball, location: 2F
0-2: Strikes out swinging
Batting: LHB Carlos Músquez 0-0: Ball
1-0: Ball
2-0: Called Strike
2-1: Ball
3-1: Base on Balls
Batting: RHB José Ramos 0-0: Ball
1-0: Swinging Strike
1-1: Called Strike
1-2: Strikes out swinging
Bottom of the 3rd over - 0 runs, 0 hits, 1 error, 2 left on base; Kenosha 0 - Pensacola 2
TOP OF THE 4TH
Kenosha Kingfish batting - Pitching for Pensacola Pilots : LHP Paul Mallette
Batting: RHB Juan Escalante 0-0: Called Strike
0-1: Ball
1-1: Ball
2-1: Ball
3-1: Base on Balls
Batting: RHB Mike Martínez 0-0: Called Strike
0-1: Foul Ball, location: 2F
0-2: Ball
1-2: SINGLE (Line Drive, 4MD)
Juan Escalante to second
Runner from 2nd tries for 3rd, SAFE, no throw
Batting: RHB Millard Ferguson 0-0: Ball
1-0: Foul Ball, location: 2F
1-1: Fly out, F9 (Flyball, 9)
Runner from 3rd tags up, OUT at HOME
Mike Martínez to second
Batting: LHB Matt McCormick 0-0: Swinging Strike
0-1: Swinging Strike
0-2: Strikes out looking
Top of the 4th over - 0 runs, 1 hit, 0 errors, 1 left on base; Kenosha 0 - Pensacola 2
BOTTOM OF THE 4TH
Pensacola Pilots batting - Pitching for Kenosha Kingfish : RHP Raúl Cruz
Batting: RHB John Hall 0-0: Swinging Strike
0-1: Foul Ball, location: 2F
0-2: Ball
1-2: Strikes out looking
Batting: RHB Felipe Hernández 0-0: Foul Ball, location: 2F
0-1: Ground out 6-3 (Groundball, 6)
Batting: RHB George Martin 0-0: Ball
1-0: Called Strike
1-1: Swinging Strike
1-2: Strikes out swinging
Bottom of the 4th over - 0 runs, 0 hits, 0 errors, 0 left on base; Kenosha 0 - Pensacola 2
TOP OF THE 5TH
Kenosha Kingfish batting - Pitching for Pensacola Pilots : LHP Paul Mallette
Batting: RHB Vicente Rosales 0-0: Swinging Strike
0-1: Ball
1-1: Fly out, F9 (Flyball, 9S)
Batting: LHB Jerry Benjamin 0-0: Ground out U3 (Groundball, 3L)
Batting: RHB Fernando Martínez 0-0: Called Strike
0-1: Foul Ball, location: 2F
0-2: Fly out, F8 (Flyball, 8RXD)
Top of the 5th over - 0 runs, 0 hits, 0 errors, 0 left on base; Kenosha 0 - Pensacola 2
BOTTOM OF THE 5TH
Pensacola Pilots batting - Pitching for Kenosha Kingfish : RHP Raúl Cruz
Batting: SHB Jack Hendrix 0-0: Called Strike
0-1: Swinging Strike
0-2: Strikes out looking
Batting: SHB Carlos González 0-0: Ball
1-0: Ball
2-0: Swinging Strike
2-1: Fly out, F5 (Popup, 25F)
Batting: LHB Preston Hamilton 0-0: Ball
1-0: Foul Ball, location: 2F
1-1: Foul Ball, location: 2F
1-2: Strikes out looking
Bottom of the 5th over - 0 runs, 0 hits, 0 errors, 0 left on base; Kenosha 0 - Pensacola 2
TOP OF THE 6TH
Kenosha Kingfish batting - Pitching for Pensacola Pilots : LHP Paul Mallette
Batting: RHB Charlie Guzmén 0-0: Foul Ball, location: 2F
0-1: Called Strike
0-2: Ball
1-2: Foul Ball, location: 2F
1-2: Ball
2-2: Ball
3-2: Base on Balls
Batting: RHB Armando Arellano 0-0: Grounds into double play, 5-4-3 (Groundball, 56)
Batting: RHB Juan Escalante 0-0: Ball
1-0: Ground out U3 (Groundball, 34)
Top of the 6th over - 0 runs, 0 hits, 0 errors, 0 left on base; Kenosha 0 - Pensacola 2
BOTTOM OF THE 6TH
Pensacola Pilots batting - Pitching for Kenosha Kingfish : RHP Raúl Cruz
Batting: RHB Timothy Foster 0-0: Ground out 4-3 (Groundball, 4S)
Batting: LHB Carlos Músquez 0-0: Foul Ball, location: 2F
0-1: Swinging Strike
0-2: Foul Ball, location: 2F
0-2: Strikes out swinging, 2-3 out at first.
Batting: RHB José Ramos 0-0: Ball
1-0: Ball
2-0: Ball
3-0: Base on Balls
Batting: RHB John Hall 0-0: Ball
1-0: SINGLE (Groundball, 3) (infield hit)
José Ramos to second
Batting: RHB Felipe Hernández 0-0: Ball
1-0: Swinging Strike
1-1: Reached via error on a dropped throw, E4
José Ramos to third
John Hall to second
Batting: RHB George Martin 0-0: Swinging Strike
0-1: Swinging Strike
0-2: Foul Ball, location: 2F
0-2: Ball
1-2: Ball
2-2: Ball
3-2: Fly out, F8 (Flyball, 8RD)
Bottom of the 6th over - 0 runs, 1 hit, 1 error, 3 left on base; Kenosha 0 - Pensacola 2
TOP OF THE 7TH
Kenosha Kingfish batting - Pitching for Pensacola Pilots : LHP Paul Mallette
Batting: RHB Mike Martínez 0-0: Foul Ball, location: 2F
0-1: Ball
1-1: Ball
2-1: Ball
3-1: Foul Ball, location: 2F
3-2: Fly out, F4 (Popup, 34D)
Batting: RHB Millard Ferguson 0-0: Called Strike
0-1: Called Strike
0-2: Ball
1-2: Fly out, F7 (Flyball, 78D)
Batting: LHB Matt McCormick 0-0: Called Strike
0-1: Ground out U3 (Groundball, 3S)
Top of the 7th over - 0 runs, 0 hits, 0 errors, 0 left on base; Kenosha 0 - Pensacola 2
BOTTOM OF THE 7TH
Pensacola Pilots batting - Pitching for Kenosha Kingfish : RHP Raúl Cruz
Pitching: LHP Howard Sigurdson
Batting: SHB Jack Hendrix 0-0: Called Strike
0-1: Swinging Strike
0-2: Ball
1-2: Ball
2-2: Ball
3-2: Strikes out swinging
Batting: SHB Carlos González 0-0: Called Strike
0-1: Ball
1-1: Fly out, F9 (Flyball, 89M)
Batting: LHB Preston Hamilton 0-0: Fly out, F8 (Line Drive, 8LM)
Bottom of the 7th over - 0 runs, 0 hits, 0 errors, 0 left on base; Kenosha 0 - Pensacola 2
TOP OF THE 8TH
Kenosha Kingfish batting - Pitching for Pensacola Pilots : LHP Paul Mallette
Batting: RHB Vicente Rosales 0-0: Foul Ball, location: 2F
0-1: Swinging Strike
0-2: Foul Ball, location: 2F
0-2: Ball
1-2: Foul Ball, location: 2F
1-2: Ball
2-2: Strikes out swinging
Batting: LHB Jerry Benjamin 0-0: Called Strike
0-1: Ball
1-1: Swinging Strike
1-2: Ground out U3 (Groundball, 3)
Batting: RHB Fernando Martínez 0-0: Fly out, F2 (Popup, 23F)
Top of the 8th over - 0 runs, 0 hits, 0 errors, 0 left on base; Kenosha 0 - Pensacola 2
BOTTOM OF THE 8TH
Pensacola Pilots batting - Pitching for Kenosha Kingfish : LHP Howard Sigurdson
Batting: RHB Timothy Foster 0-0: Ball
1-0: Swinging Strike
1-1: Swinging Strike
1-2: Ball
2-2: Strikes out looking
Batting: LHB Carlos Músquez 0-0: Called Strike
0-1: Foul Ball, location: 2F
0-2: Ball
1-2: Ball
2-2: Strikes out swinging
Batting: RHB José Ramos 0-0: Called Strike
0-1: Swinging Strike
0-2: Foul Ball, location: 2F
0-2: Ball
1-2: Strikes out swinging
Bottom of the 8th over - 0 runs, 0 hits, 0 errors, 0 left on base; Kenosha 0 - Pensacola 2
TOP OF THE 9TH
Kenosha Kingfish batting - Pitching for Pensacola Pilots : LHP Paul Mallette
Batting: RHB Charlie Guzmén 0-0: Ball
1-0: Foul Ball, location: 2F
1-1: Foul Ball, location: 2F
1-2: Ball
2-2: Ground out 4-3 (Groundball, 4)
Batting: RHB Armando Arellano 0-0: Ball
1-0: Ground out 6-3 (Groundball, 6)
Batting: RHB Juan Escalante 0-0: Called Strike
0-1: Ground out 6-3 (Groundball, 6)
Top of the 9th over - 0 runs, 0 hits, 0 errors, 0 left on base; Kenosha 0 - Pensacola 2
Saturday, April 7th, 2018 - OOTP Baseball 18.8 Build 76